 Dungeon Crawl Stone Soup version 0.28-a0-97-g102d6777a4 (webtiles) character file.

Game seed: 60111769459425316

48 mcsnuffy the Firebug (level 3, -3/20 HPs)
             Began as a Deep Elf Fire Elementalist on Aug 10, 2021.
             Slain by Natasha (6 damage)
             ... on level 2 of the Dungeon.
             The game lasted 00:04:42 (1466 turns).

mcsnuffy the Firebug (Deep Elf Fire Elementalist)   Turns: 1466, Time: 00:04:43

Health: -3/20      AC:  3    Str:  5    XL:     3   Next: 50%
Magic:  2/9        EV: 12    Int: 20    God:
Gold:   63         SH:  0    Dex: 15    Spells: 7/8 levels left

rFire   . . .      SeeInvis .   c - +0 dagger
rCold   . . .      Faith    .   (no shield)
rNeg    . . .      Spirit   .   a - +0 robe
rPois   .          Reflect  .   (no helmet)
rElec   .          Harm     .   e - +0 cloak
rCorr   .          Rampage  .   (no gloves)
Will    .....                   (no boots)
Stlth   ++........              (no amulet)
HPRegen 0.06/turn               (no ring)
MPRegen 0.11/turn               (no ring)

@: slowed, very slow
A: no striking features
a: no special abilities


You were on level 2 of the Dungeon.
You visited 1 branch of the dungeon, and saw 2 of its levels.

You collected 63 gold pieces.


   Skills:
 + Level 1.5 Fighting
 - Level 2.4 Dodging
 - Level 2.4 Stealth
 - Level 3.0 Spellcasting
 - Level 3.0 Conjurations
 - Level 3.2 Fire Magic


You had 7 spell levels left.
You knew the following spells:

 Your Spells              Type           Power      Damage    Failure   Level
f - Foxfire               Conj/Fire      60%        2x1d7     4%          1

Your spell library contained the following spells:

 Spells                   Type           Power      Damage    Failure   Level
 Conjure Flame            Conj/Fire      15%        6-21      12%         3
 Inner Flame              Hex/Fire       9%         N/A       22%         3
 Sticky Flame             Conj/Fire      15%        2d4       36%         4
 Tukima's Dance           Hex            3%         N/A       38%         3
 Fireball                 Conj/Fire      7%         3d5       73%         5
 Passage of Golubria      Tloc           N/A        N/A       80%         4
 Yara's Violent Unravell  Hex/Tmut       1%         3d3       98%         5

Inventory:

Hand Weapons
 c - a +0 dagger (weapon)
Armour
 a - a +0 robe (worn)
 e - a +0 cloak (worn)
Scrolls
 d - a scroll of identify {unknown}
 g - a scroll of amnesia {unknown}
Potions
 b - a potion of lignification {unknown}
 f - a potion of attraction {unknown}

Dungeon Overview and Level Annotations

Branches:
Dungeon (2/15)

Altars:
Beogh

Shops:
D:1 [

Annotations:
D:2 Natasha

#.####....##########
#.# #.<..# #.#
#....# ... #.####
... #.# #.# #.# #.#
#####@#####
#....h....#
#.........#
.......†......#
#####.........#
#...$.....#
#.........#
#.........#
#.........#


You could see Natasha.


Message History

The foxfire hits the shadow imp.
You kill the shadow imp!
You conjure some foxfire!
The foxfire hits Natasha!
Natasha is heavily wounded.
You conjure some foxfire!
The foxfire hits Natasha but does no damage.
Natasha is heavily wounded.
The foxfire hits Natasha.
Natasha is heavily wounded.
Natasha barely misses you.
Your foxfire dissipates!
The foxfire hits Natasha but does no damage.
Natasha is heavily wounded.
Natasha claws you.
You conjure some foxfire!
Natasha claws you.
You conjure some foxfire!
The foxfire hits Natasha.
Natasha is severely wounded.
Natasha closely misses you. Natasha claws you.
* * * LOW HITPOINT WARNING * * *
Your foxfire dissipates!
The foxfire hits Natasha.
Natasha is severely wounded.
Natasha casts a spell at you.
You feel as though you will be slow longer.
You are too injured to fight recklessly!
Natasha casts a spell at you. The magic dart hits you.
* * * LOW HITPOINT WARNING * * *
Natasha claws you.
You die...

Skill      XL: |  1  2  3 |
---------------+----------+-----
Conjurations   | 2 3 |  3.0
Fighting       | 1 |  1.5
Dodging        | |  2.4
Stealth        | |  2.4
Spellcasting   | |  3.0
Fire Magic     | |  3.2

Action                   || total
-------------------------++-------
Melee: Dagger            ||     3
 Cast: Foxfire           ||    63
 Stab: Sleeping          ||     1
Armor: Robe              ||     1
Dodge: Dodged            ||    15

Levels and vault maps discovered:
D:1:      giann_forest_graveyard, layout_loops_ring, serial_shops,
          shop_fountains, minmay_tromino_i4
D:2:      layout_rooms, hellmonk_ecumenical_altar_defaced_shrine,
          minmay_rat_hole, uniq_natasha

Notes
Turn   | Place    | Note
-------+----------+-------------------------------------------
     0 | D:1      | mcsnuffy the Deep Elf Fire Elementalist began the quest for
                  | the Orb.
     0 | D:1      | Reached XP level 1. HP: 10/10 MP: 6/6
   189 | D:1      | Reached skill level 2 in Conjurations
   231 | D:1      | Reached XP level 2. HP: 15/15 MP: 4/8
   471 | D:1      | Found Gaskaor's Antique Armour Boutique.
   787 | D:1      | Reached skill level 3 in Conjurations
  1098 | D:2      | Reached XP level 3. HP: 20/20 MP: 3/9
  1104 | D:2      | Reached skill level 1 in Fighting
  1408 | D:2      | Found a faded altar of an unknown god.
  1454 | D:2      | Noticed Natasha
  1466 | D:2      | Slain by Natasha

Vanquished Creatures
  A dart slug (D:2)
  4 orcs (D:2)
  An endoplasm (D:1)
  4 goblins
  4 hobgoblins
  2 jackals (D:2)
  A quokka (D:2)
  2 ball pythons (D:1)
  4 bats
  4 frilled lizards
  3 kobolds (D:1)
  14 rats
44 creatures vanquished.

Vanquished Creatures (others)
  84 foxfires
84 creatures vanquished.

Grand Total: 128 creatures vanquished

Table legend: (Time is in decaauts)
 A = Elapsed time spent in this place.
 B = Non-inter-level travel time spent in this place.
 C = Inter-level travel time spent in this place.
 D = Time resting spent in this place.
 E = Time spent auto-exploring this place.
 F = Levels seen in this place.
 G = Mean time per level.
                   A        B        C        D        E       F      G
               +--------+--------+--------+--------+--------+-----+--------+
         Total |   1469 |   1420 |     49 |    104 |   1014 |   2 |  734.5 |
       Dungeon |   1469 |   1420 |     49 |    104 |   1014 |   2 |  734.5 |
               +--------+--------+--------+--------+--------+-----+--------+

Top non-repeatable levels by time:
     D:1: 1052 daAuts
     D:2: 417 daAuts

Table legend:
 A = Non-vault XP
 B = Vault XP
 C = Vault XP percentage of total XP
 D = Non-vault monster count
 E = Vault monster count
 F = Vault count percentage of total count
                 A         B        C        D         E       F
            +---------+---------+-------+---------+---------+-------
      Total |      46 |      23 |  33.3 |      30 |      14 |  31.8
            +---------+---------+-------+---------+---------+-------
        D:1 |      25 |       4 |  13.8 |      19 |       3 |  13.6
        D:2 |      21 |      19 |  47.5 |      11 |      11 |  50.0
            +---------+---------+-------+---------+---------+-------
